 Dungeon Crawl Stone Soup version 0.31-a0-271-gb88eb75 (webtiles) character file.

Game seed: 14187333975414215572

58 Dawnplanks the Sneak (level 4, 0/26 HPs)
             Began as a Kobold Brigand on July 14, 2023.
             Slain by an iguana (11 damage)
             ... on level 3 of the Dungeon.
             The game lasted 00:02:08 (1610 turns).

Dawnplanks the Sneak (Kobold Brigand)               Turns: 1610, Time: 00:02:09

Health: 0/26       AC:  3    Str:  8    XL:     4   Next: 20%
Magic:  4/4        EV: 14    Int: 12    God:
Gold:   109        SH:  0    Dex: 18    Spells: 3/3 levels left

rFire   . . .        a - +2 dagger
rCold   . . .        (no shield)
rNeg    . . .        b - +0 robe
rPois   .            (no helmet)
rElec   .            c - +0 cloak
rCorr   .            (no gloves)
SInv    .            (no boots)
Will    .....        (no amulet)
Stlth   +++++        (no ring)
HPRegen 0.24/turn    (no ring)
MPRegen 0.09/turn

%: no passive effects
@: no status effects
A: small, no large weapons, nightstalker 3
a: no special abilities


You were on level 3 of the Dungeon.
You visited 1 branch of the dungeon, and saw 3 of its levels.

You collected 109 gold pieces.

Inventory:

Hand Weapons
 a - a +2 dagger (weapon)
Missiles
 d - 9 poisoned darts (quivered)
 e - 3 curare-tipped darts
Armour
 b - a +0 robe (worn)
 c - a +0 cloak (worn)
Scrolls
 f - 3 scrolls of identify {unknown}
 g - 2 scrolls of revelation {unknown}
 m - 2 scrolls of poison {unknown}
 o - a scroll of blinking {unknown}
 p - a scroll of teleportation {unknown}
 r - a scroll of brand weapon {unknown}
 s - a scroll of torment {unknown}
 u - a scroll of amnesia {unknown}
Potions
 h - 2 potions of might {unknown}
 i - a potion of heal wounds {unknown}
 j - a potion of brilliance {unknown}
 k - a potion of mutation {unknown}
 l - a potion of lignification {unknown}
 n - 2 potions of berserk rage {unknown}
 q - a potion of enlightenment {unknown}
 t - a potion of haste {unknown}


   Skills:
 + Level 2.2 Fighting
 + Level 3.2 Short Blades
 + Level 2.3 Throwing
 + Level 1.5 Dodging
 + Level 7.0 Stealth


You had 3 spell levels left.
You didn't know any spells.
Your spell library contained the following spells:

 Spells                   Type           Power      Damage    Failure   Level
 Kiss of Death            Conj/Necr      0%         2d5       32%         1
 Confusing Touch          Hex            0%         N/A       69%         3
 Volatile Blastmotes      Fire/Tloc      0%         2d10      69%         3
 Dispel Undead            Necr           0%         3d6       97%         4
 Fulminant Prism          Conj/Hex       0%         3d5       97%         4
 Iskenderun's Mystic Bla  Conj/Tloc      0%         2d3       97%         4


Dungeon Overview and Level Annotations

Branches:
Dungeon (3/15)

Altars:
Yredelemnul


Innate Abilities, Weirdness & Mutations

You are small and have problems with some larger weapons.
You are completely attuned to the shadows.


Message History

There is an open door here.
u - a scroll labelled PAEHAGIXAA An endoplasm comes into view.
The helpless endoplasm fails to defend itself.
You spit the endoplasm like a pig!!!
You kill the endoplasm!
An iguana comes into view.
The iguana bites you.
You hit the iguana.
The iguana is lightly wounded.
You hit the iguana but do no damage.
The iguana is lightly wounded.
The iguana closely misses you.
You hit the iguana.
The iguana is moderately wounded.
The iguana barely misses you.
You hit the iguana.
The iguana is heavily wounded.
The iguana closely misses you.
You hit the iguana.
The iguana is heavily wounded.
You closely miss the iguana.
The iguana is heavily wounded.
The iguana closely misses you.
You barely miss the iguana.
The iguana is heavily wounded.
The iguana bites you.
You hit the iguana but do no damage.
The iguana is heavily wounded.
The iguana bites you!
You are too injured to fight recklessly!
The iguana attacks as you move away! The iguana misses you.
The iguana attacks as you move away!
The iguana bites you but does no damage.
The iguana attacks as you move away! The iguana bites you.
The iguana attacks as you move away! The iguana misses you.
You barely miss the iguana.
The iguana is heavily wounded.
The iguana bites you!
You die...

###.#########
#.......#...#
#.......##..#
#...........###
#.......###...#
#.......# ###.#
.####################.#
...........l.##.......#
############@##.#######
#.##.# #....# ######


You could see an iguana.

Vanquished Creatures
  An adder (D:2)
  A worm (D:2)
  2 ball pythons (D:2)
  3 bats
  8 endoplasms
  2 giant cockroaches
  4 goblins
  2 hobgoblins
  4 jackals (D:2)
  4 quokkas
  A frilled lizard (D:3)
  2 kobolds (D:2)
  4 rats
38 creatures vanquished.

Notes
Turn   | Place    | Note
-------+----------+-------------------------------------------
     0 | D:1      | Dawnplanks the Kobold Brigand began the quest for the Orb.
     0 | D:1      | Reached XP level 1. HP: 12/12 MP: 1/1
    99 | D:1      | Found a faded altar of an unknown god.
   204 | D:1      | Reached XP level 2. HP: 17/17 MP: 2/2
   238 | D:1      | Reached skill level 6 in Stealth
   587 | D:2      | Reached XP level 3. HP: 21/21 MP: 3/3
   920 | D:2      | Found a basalt altar of Yredelemnul.
  1363 | D:3      | Reached XP level 4. HP: 21/26 MP: 4/4
  1482 | D:3      | Reached skill level 7 in Stealth
  1610 | D:3      | Slain by an iguana

Illustrated notes

Levels and vault maps discovered:
D:1:      giann_bridges, layout_rooms, serial_curves, eino_curves_03,
          eino_curves_01, ebering_ecumenical_altar_box
D:2:      minmay_skewed_foursquare, layout_basic, basic_altar
D:3:      layout_basic, nicolae_dithmenos_the_darkroom,
          chequers_serial_rivers_marsh, minmay_crystal_room

Skill      XL: |  1  2  3  4 |
---------------+-------------+-----
Stealth        | 6 7 |  7.0
Short Blades   | 3 |  3.2
Fighting       | |  2.2
Throwing       | |  2.3
Dodging        | |  1.5

Action                     |  1- 3 |  4- 6 || total
---------------------------+-------+-------++-------
  Melee: Dagger            |    66 |    19 ||    85
   Stab: Sleeping          |    18 |     5 ||    23
         Distracted        |     1 |       ||     1
 Armour: Robe              |    12 |     1 ||    13
  Dodge: Dodged            |    28 |     9 ||    37

Table legend: (Time is in decaauts)
 A = Elapsed time spent in this place.
 B = Non-inter-level travel time spent in this place.
 C = Inter-level travel time spent in this place.
 D = Time resting spent in this place.
 E = Time spent auto-exploring this place.
 F = Levels seen in this place.
 G = Mean time per level.
                   A        B        C        D        E       F      G
               +--------+--------+--------+--------+--------+-----+--------+
         Total |   1602 |   1518 |     84 |      0 |   1250 |   3 |  534.0 |
       Dungeon |   1602 |   1518 |     84 |      0 |   1250 |   3 |  534.0 |
               +--------+--------+--------+--------+--------+-----+--------+

Top non-repeatable levels by time:
     D:2: 941 daAuts
     D:1: 391 daAuts
     D:3: 269 daAuts
